Map: Lerilak Crest

Players

Novawulfen - Winner!

  • Race: Terran Terran
  • League: Gold

Lavika

  • Race: Protoss Protoss
  • League: Gold

VOD

Have the link to the VOD?

Description

Time

  • Played on: Nov. 15, 2015, 8:48 a.m.
  • Length: 7:23
Show
View Real Time Build Order
Export as new Build Order

Novawulfen Terran - Winner!

Build Orders: Reaper Expand, MMM Bio 

Get SALT Encoding   

  12  0:01  SCV  
  13  0:13  SCV  
  14  0:17  Supply Depot  
  14  0:25  SCV  
  15  0:40  Barracks  
  15  0:43  Refinery  
  15  0:46  SCV  
  16  0:58  SCV  
  17  1:11  SCV  
  18  1:27  Orbital Command  
  18  1:28  Reaper  
  19  2:05  Command Center  
  19  2:07  SCV  
  20  2:09  Barracks Reactor  
  20  2:17  Supply Depot  
  20  2:19  SCV  
  21  2:32  SCV  
  22  2:38  Barracks x2  
  22  2:44  SCV  
  23  2:48  Marine x2  
  25  2:57  SCV  
  25  3:16  Marine x2  
  27  3:22  SCV, Orbital Command  
  28  3:28  Refinery  
  28  3:32  Bunker  
  28  3:34  SCV  
  28  3:35  Barracks Tech Lab  
  28  3:36  Barracks Tech Lab  
  28  3:38  Marine x2  
  32  3:48  SCV  
  32  3:50  Supply Depot  
  32  3:51  SCV  
  33  3:56  Engineering Bay  
  33  4:00  SCV  
  34  4:03  SCV  
  34  4:04  Supply Depot  
  34  4:05  Supply Depot  
  34  4:09  Marauder, Marine  
  38  4:11  Marine  
  38  4:15  Reaper  
  40  4:17  Stimpack  
  40  4:18  Concussive Shells  
  40  4:20  SCV  
  41  4:26  SCV  
  41  4:29  Terran Infantry Weapons Level 1  
  42  4:32  SCV  
  42  4:33  Marauder  
  42  4:34  Marine  
  42  4:35  Marine  
  47  4:41  SCV  
  48  4:46  SCV  
  48  4:47  Marine  
  50  4:54  Factory  
  50  4:55  Marauder  
  50  4:59  SCV x2, Marine  
  55  5:01  Marine  
  55  5:05  Marauder  
  58  5:07  Combat Shields  
  58  5:11  SCV x2  
  58  5:13  Supply Depot  
  60  5:18  Supply Depot  
  60  5:23  SCV  
  60  5:25  Marauder, Marine  
  60  5:27  Marine  
  64  5:30  SCV  
  64  5:35  Marauder  
  67  5:43  Missile Turret  
  67  5:46  Factory Reactor  
  67  5:47  Starport  
  67  5:56  SCV  
  67  5:57  SCV, Marine x2  
  69  5:58  Marauder x2  
  69  5:59  Missile Turret  
  75  6:15  Supply Depot, Marine x2  
  75  6:17  Supply Depot  
  77  6:19  Marauder  
  79  6:41  Marauder, Marine x2  
  79  6:42  Marauder  
  85  6:59  Marine x2  
Show
View Real Time Build Order
Export as new Build Order

Lavika Protoss 

Build Orders: Colossus Rush 

Get SALT Encoding   

  12  0:01  Probe (Chrono Boost)  
  13  0:11  Probe (Chrono Boost)  
  14  0:20  Pylon  
  14  0:22  Probe (Chrono Boost)  
  15  0:38  Gateway, Probe (Chrono Boost)  
  16  0:48  Assimilator  
  16  0:49  Probe (Chrono Boost)  
  17  0:55  Assimilator  
  17  0:59  Probe (Chrono Boost)  
  18  1:10  Probe (Chrono Boost)  
  19  1:12  Pylon  
  19  1:20  Probe (Chrono Boost)  
  19  1:25  Cybernetics Core  
  20  1:32  Probe (Chrono Boost)  
  21  1:43  Probe (Chrono Boost)  
  22  1:53  Probe (Chrono Boost)  
  22  2:16  Nexus  
  22  2:22  Pylon  
  22  2:29  Warp Gate  
  23  2:34  Mothership Core (Chrono Boost), Stalker (Chrono Boost)  
  24  3:15  Probe (Chrono Boost)  
  25  3:22  Robotics Facility  
  25  3:25  Probe (Chrono Boost)  
  25  3:26  Gateway  
  26  3:27  Gateway  
  26  3:36  Probe (Chrono Boost)  
  26  3:37  Probe (Chrono Boost)  
  28  3:46  Probe (Chrono Boost)  
  28  3:47  Probe (Chrono Boost)  
  30  3:57  Probe (Chrono Boost)  
  30  3:58  Probe (Chrono Boost)  
  32  4:08  Probe x2 (Chrono Boost)  
  34  4:12  Robotics Bay  
  34  4:14  Observer  
  35  4:18  Probe (Chrono Boost)  
  35  4:19  Probe (Chrono Boost)  
  37  4:29  Probe x2 (Chrono Boost)  
  37  4:30  Assimilator  
  39  4:34  Assimilator  
  39  4:35  Observer  
  40  4:48  Pylon  
  40  4:49  Probe x2 (Chrono Boost)  
  40  4:51  Pylon  
  42  4:56  Observer  
  45  5:00  Probe x2 (Chrono Boost)  
  45  5:10  Probe x2 (Chrono Boost)  
  45  5:11  Extended Thermal Lance  
  47  5:21  Probe x2 (Chrono Boost)  
  49  5:27  Colossus (Chrono Boost)  
  55  5:30  Probe  
  55  5:31  Probe  
  57  5:40  Probe  
  58  5:43  Probe  
  59  5:50  Nexus  
  59  5:51  Probe  
  59  5:52  Pylon  
  59  5:56  Pylon  
  59  6:05  Probe  
  59  6:07  Probe  
  61  6:12  Zealot x2  
  61  6:13  Zealot  
  61  6:15  Colossus (Chrono Boost)  
  73  6:25  Forge  
  73  6:29  Twilight Council  
  73  6:32  Forge  
  73  6:38  Probe  
  66  6:52  Pylon  
  53  6:55  Pylon  
  53  6:56  Pylon  
  53  6:57  Pylon  
Tags
 
Add a new tag
Caveats
  • Supply blocks, unpowered buildings, or Contaminate may cause inaccurate times.
  • Supply counts are checked every 10 seconds.